 Dungeon Crawl Stone Soup version 0.20.1-1-g8b1a95d (webtiles) character file.

71 Glalom the Sneak (level 4, -4/27 HPs)
             Began as an Octopode Ice Elementalist on Nov 5, 2017.
             Slain by a gnoll (6 damage)
             ... on level 2 of the Dungeon.
             The game lasted 00:04:03 (1599 turns).

Glalom the Sneak (Octopode Ice Elementalist)        Turns: 1599, Time: 00:04:03

Health: -4/27      AC:  1    Str:  7    XL:     4   Next: 24%
Magic:  2/7        EV: 10    Int: 18    God:
Gold:   109        SH:  0    Dex: 12    Spells: 6/7 levels left

rFire    . . .     SeeInvis .   g - +0 short sword
rCold    . . .     Gourm    .   (no shield)
rNeg     . . .     Faith    .   (helmet restricted)
rPois    .         Spirit   .   (no amulet)
rElec    .         Reflect  .   (no ring)
rCorr    .         Harm     .   (no ring)
MR       .....                  (no ring)
Stlth    +++.......             (no ring)
Regen    0.1/turn               (no ring)
MPRegen  0.1/turn               (no ring)
                                (no ring)
                                (no ring)

@: lethally poisoned (-4 -> -6), very slightly contaminated, constricted
A: almost no armour, stealthy swim, amphibious, 8 rings, constrict 8, camouflage
1, gelatinous body 1
a: no special abilities


You were on level 2 of the Dungeon.
You were not hungry.

You visited 1 branch of the dungeon, and saw 2 of its levels.

You collected 109 gold pieces.

Inventory:

Hand Weapons
 g - a +0 short sword (weapon)
Armour
 c - a +2 pair of gloves
Jewellery
 n - an uncursed ring of poison resistance {unknown}
Scrolls
 j - 2 scrolls of teleportation {unknown}
 l - 2 scrolls of identify {unknown}
Potions
 d - a potion of cancellation {unknown}
 e - 2 potions of lignification {unknown}
 k - a potion of heal wounds {unknown}
 m - 2 potions of brilliance {unknown}
Books
 a - a book of Frost

   Spells                             Type                      Level
   a - Freeze                         Ice                          1
   b - Throw Frost                    Conjuration/Ice              2
   c - Ozocubu's Armour               Charms/Ice                   3
   d - Throw Icicle                   Conjuration/Ice              4
   e - Summon Ice Beast               Ice/Summoning                4
Comestibles
 b - a bread ration
 f - a meat ration
 h - 3 fruits
 i - 5 chunks of flesh


   Skills:
 + Level 1.7 Short Blades
 - Level 2.0 Dodging
 + Level 4.2 Stealth
 - Level 2.0 Spellcasting
   Level 1.0 Conjurations
 + Level 3.8 Ice Magic


You had 6 spell levels left.
You knew the following spells:

 Your Spells              Type           Power        Failure   Level  Hunger
a - Freeze                Ice            ###.         3%          1    #......


Dungeon Overview and Level Annotations

Branches:
Dungeon (2/15)

Altars:
Dithmenos


Innate Abilities, Weirdness & Mutations

You cannot wear most types of armour.
You are very stealthy in the water. (Stealth+)
You are amphibious.
You can wear up to eight rings at the same time.
You can use your tentacles to constrict eight enemies at once.
Your skin changes colour to match your surroundings (Stealth+).
Your rubbery body absorbs attacks. (AC +1, EV +1)


Message History

You feel sick.
Casting: Freeze
Confirm with . or Enter, or press ? or * to list all spells.
Aiming: Freeze
Press: ? - help, Shift-Dir - straight line, f/p - gnoll
Aim: a gnoll (heavily wounded)
You miscast Freeze.
You are very lightly contaminated with residual magic.
Frost spreads across the the floor.
The ball python barely misses you. x2
The gnoll hits you.
* * * LOW HITPOINT WARNING * * *
The ball python closely misses you. The ball python grabs you.
* * * LOW HITPOINT WARNING * * *
The ball python constricts you.
You barely miss the gnoll. Your grab misses the gnoll.
Your squeeze misses the gnoll.
The gnoll is heavily wounded.
* * * LOW HITPOINT WARNING * * *
You feel sick. The gnoll hits you.
You die...

### # #.###.. .## .# ..
..##.##[.# ..##.# ..#
........###.....## ..
#..##..#.......# #.##
#...†..........# ..#
#...)..#......# #.#
#......#.....##
####.####....g.†....##
#...........@S......#
#...................##
#..........####>.....##
#.....................#######
######..#####.######.###.#.#...
#.........##..# #..........#
#............###########...#.#.
#...........##[...........##...
#.........................##...


You could see a gnoll and a ball python.

Vanquished Creatures
  2 adders (D:2)
  A worm (D:2)
  A dart slug (D:1)
  2 leopard geckos (D:2)
  A giant cockroach (D:1)
  6 goblins
  7 hobgoblins
  4 jackals (D:1)
  6 kobolds
  2 ball pythons
  3 bats
  A frilled lizard (D:2)
  6 rats
42 creatures vanquished.

Notes
Turn   | Place    | Note
-------+----------+-------------------------------------------
     0 | D:1      | Glalom the Octopode Ice Elementalist began the quest for the Orb.
     0 | D:1      | Reached XP level 1. HP: 11/11 MP: 3/3
   285 | D:1      | Reached skill level 3 in Stealth
   315 | D:1      | Reached XP level 2. HP: 14/17 MP: 1/5
   876 | D:1      | Reached XP level 3. HP: 18/21 MP: 6/6
  1080 | D:1      | Reached skill level 1 in Short Blades
  1514 | D:2      | Found a faded altar of an unknown god.
  1563 | D:2      | Reached skill level 4 in Stealth
  1563 | D:2      | Reached XP level 4. HP: 27/27 MP: 7/7
  1583 | D:2      | Found a shadowy altar of Dithmenos.
  1599 | D:2      | Slain by a gnoll

Skill      XL: |  1  2  3 |
---------------+----------+-----
Stealth        | 3 4 |  4.2
Short Blades   | 1 |  1.7
Dodging        | |  2.0
Spellcasting   | |  2.0
Conjurations   | |  1.0
Ice Magic      | |  3.8

Action                   |  1- 3 |  4- 6 || total
-------------------------+-------+-------++-------
Melee: Short sword       |    60 |     5 ||    65
       Constrict         |    17 |     1 ||    18
       Tentacles         |    13 |       ||    13
       Unarmed           |     2 |       ||     2
 Cast: Freeze            |    11 |     4 ||    15
 Stab: Sleeping          |    11 |       ||    11
  Eat: Chunk             |     2 |       ||     2
Armor: Skin              |     6 |     2 ||     8
Dodge: Dodged            |    38 |    11 ||    49
